 Dungeon Crawl Stone Soup version 0.18-a0-1293-g5a2c81a (webtiles) character file.

1919 Tomstefer the Cleaver (level 8, -4/65 HPs)
             Began as a Demonspawn Gladiator on Feb 10, 2016.
             Killed by divine providence
             ... invoked by an orc priest
              (7 damage)
             ... on level 7 of the Dungeon.
             The game lasted 00:26:05 (5453 turns).

Tomstefer the Cleaver (Demonspawn Gladiator)        Turns: 5453, Time: 00:26:06

Health: -4/65      AC: 11    Str: 18    XL:     8   Next: 95%
Magic:  8/8        EV:  8    Int:  8    God:
Gold:   324        SH:  0    Dex: 14    Spells: 0 memorised, 7 levels left

rFire  + . .     SeeInvis .     a - +0 war axe
rCold  + + +     Gourm    .     g - +1 chain mail of the Cicada {rC++ Int-5 Slay+5}
rNeg   . . .     Faith    .     (no shield)
rPois  +         Spirit   .     c - +0 helmet
rElec  .         Dismiss  .     m - +0 cloak
rCorr  .         Reflect  .     (no gloves)
SustAt .         Harm     .     (boots unavailable)
MR     .....                    R - amulet "Poucu" {+Rage rPois Int+4}
Stlth  ..........               j - ring of protection from cold
                                n - ring of protection from fire

@: lethally poisoned (-4 -> -21), not resistant to hostile enchantments,
extremely unstealthy
A: talons 3, powered by death 2
a: Evoke Berserk Rage


You were on level 7 of the Dungeon.
You were not hungry.

You visited 2 branches of the dungeon, and saw 8 of its levels.
You also visited: Sewer.

You collected 324 gold pieces.

Inventory:

Hand Weapons
 a - a +0 war axe (weapon)
Armour
 c - a +0 helmet (worn)
 d - a +3 scale mail
 g - the +1 chain mail of the Cicada (worn) {rC++ Int-5 Slay+5}
   (You found it on level 4 of the Dungeon)

   It affects your intelligence (-5).
   It affects your accuracy and damage with ranged weapons and melee attacks
   (+5).
   It greatly protects you from cold.
 m - a +0 cloak (worn)
Jewellery
 j - a ring of protection from cold (right hand)
 n - a ring of protection from fire (left hand)
 B - an uncursed amulet of regeneration
 R - the amulet "Poucu" (around neck) {+Rage rPois Int+4}
   (You found it on level 6 of the Dungeon)

   [amulet of rage]

   It affects your intelligence (+4).
   It protects you from poison.
   It lets you go berserk.
Wands
 I - a wand of polymorph (8/24)
 J - a wand of iceblast (3/15)
 L - a wand of flame (20/48)
 P - a wand of digging (5/24)
Scrolls
 b - 2 scrolls of noise {unknown}
 e - a scroll of enchant armour {unknown}
 o - 4 scrolls of teleportation
 p - 2 scrolls of enchant weapon {unknown}
 q - a scroll of vulnerability {unknown}
 t - 3 scrolls of magic mapping
 x - 2 scrolls of immolation
 y - 2 scrolls of recharging {unknown}
 A - a scroll of random uselessness {unknown}
 F - 2 scrolls of blinking {unknown}
 G - 2 scrolls of fear {unknown}
 H - 5 scrolls of remove curse {unknown}
 K - a scroll of fog {unknown}
Potions
 h - a potion of berserk rage {unknown}
 k - a potion of heal wounds
 r - 2 potions of brilliance {unknown}
 s - a potion of haste
 u - 3 potions of might {unknown}
 v - 3 potions of invisibility
 w - a potion of flight {unknown}
 z - a potion of lignification {unknown}
 C - a potion of mutation {unknown}
 E - a potion of degeneration {unknown}
 M - 2 potions of cure mutation {unknown}
 N - a potion of agility {unknown}
 Q - a potion of curing {unknown}
Comestibles
 f - 9 bread rations
 i - 3 beef jerkies
 l - 2 meat rations
 D - a slice of pizza
 O - 3 chunks of flesh


   Skills:
 + Level 6.6 Fighting
 * Level 9.4 Axes
 - Level 1.7 Throwing
 - Level 2.6 Dodging


You had 7 spell levels left.
You didn't know any spells.

Dungeon Overview and Level Annotations

Branches:
Dungeon (7/15)             Temple (1/1) D:4

Altars:
Cheibriados
Dithmenos
Elyvilon
Fedhas
Gozag
Kikubaaqudgha
Nemelex Xobeh
Pakellas
Qazlal
Ru
Sif Muna
Xom
Zin
Lugonu


Innate Abilities, Weirdness & Mutations

You have claws for feet.
You regenerate health from kills.


Message History

The orc warrior hits you with a glaive of venom!
The orc priest calls down the wrath of Beogh upon you.
Something smites you!
You hear a shout! x4
You hit the orc warrior. You claw the orc warrior.
The orc warrior is lightly wounded.
The orc warrior barely misses you.
The orc wizard gestures wildly while chanting.
The orc wizard flickers and vanishes!
Deactivating autopickup; reactivate with Ctrl-A.
An orc comes into view. It is wielding a hand axe.
You fail to use your ability.
The orc warrior hits you with a glaive of venom!!
* * * LOW HITPOINT WARNING * * *
You are lethally poisoned!
* * * LOW HITPOINT WARNING * * *
You feel sick.
The orc priest mumbles some strange prayers to Beogh against you.
Something smites you!
You die...

...... #...#
###..#
###....####
####.........#
#<..<.....##.#
#..###.##.# #.
#.# .# # #@#
## #.# # #.
#o#.#
##..###{#.#
......ool.#
##....oo..#
#..##...<# #o
#.o..# oo
.......


You could see an orc warrior, an orc priest, 4 orcs and a giant gecko.

Vanquished Creatures
  Eustachio (D:6)
  Edmund (D:6)
  The ghost of BLOAX the Magician, an amateur DEIE of Pakellas (D:5)
  Purgy (Sewer)
  A phantom (D:6)
  An ice beast (D:5)
  A wasp (D:5)
  An ogre (D:6)
  A centaur (D:6)
  A giant frog (D:3)
  A scorpion (D:6)
  7 crimson imps
  A giant frog zombie (D:5)
  4 hounds
  2 orc priests (D:4)
  3 orc wizards
  6 worker ants
  A hound zombie (D:6)
  A hound skeleton (D:5)
  Robin (D:4)
  A gnoll (D:5)
  A river rat (D:5)
  3 adders
  2 shadow imps
  2 oozes
  An adder zombie (D:5)
  2 worms
  2 giant geckos
  17 orcs
  7 bats
  6 giant cockroaches
  22 goblins
  8 hobgoblins
  10 jackals
  A quokka (D:4)
  6 giant newts
  19 kobolds
  12 rats
159 creatures vanquished.

Vanquished Creatures (others)
  An orc (D:6)
1 creature vanquished.

Grand Total: 160 creatures vanquished

Notes
Turn   | Place    | Note
--------------------------------------------------------------
     0 | D:1      | Tomstefer the Demonspawn Gladiator began the quest for the Orb.
     0 | D:1      | Reached XP level 1. HP: 16/16 MP: 1/1
    89 | D:1      | Reached skill level 3 in Axes
    89 | D:1      | Gained mutation: You regenerate a little health from kills. [demonic ancestry]
    89 | D:1      | Reached XP level 2. HP: 19/22 MP: 2/2
   100 | D:1      | Found a snail-covered altar of Cheibriados.
   575 | D:1      | Gained mutation: You have sharp toenails. [demonic ancestry]
   575 | D:1      | Reached XP level 3. HP: 24/28 MP: 3/3
  1277 | D:3      | Reached skill level 4 in Axes
  1281 | D:3      | Gained mutation: You regenerate health from kills. [demonic ancestry]
  1281 | D:3      | Reached XP level 4. HP: 34/34 MP: 4/4
  1311 | D:3      | Noticed a giant frog
  1317 | D:3      | Killed a giant frog
  1327 | D:3      | Gained mutation: You have razor-sharp toenails. [demonic ancestry]
  1327 | D:3      | Reached XP level 5. HP: 38/41 MP: 5/5
  2010 | D:4      | Reached skill level 5 in Axes
  2058 | D:4      | Reached XP level 6. HP: 34/48 MP: 6/6
  2347 | D:4      | Found an opulent altar of Gozag.
  2347 | D:4      | Found a snail-covered altar of Cheibriados.
  2347 | D:4      | Found a shimmering altar of Xom.
  2453 | D:4      | Noticed Robin
  2467 | D:4      | Killed Robin
  2521 | D:4      | Found a staircase to the Ecumenical Temple.
  2723 | D:4      | Got a distressingly furry chain mail
  2734 | D:4      | Identified the +1 chain mail of the Cicada {rC++ Int-5 Slay+5} (You found it on level 4 of the Dungeon)
  2844 | D:5      | Entered Level 5 of the Dungeon
  2859 | D:5      | Noticed BLOAX's ghost (amateur DEIE)
  2871 | D:5      | Killed BLOAX's ghost
  2871 | D:5      | Reached skill level 6 in Axes
  2881 | D:5      | Reached XP level 7. HP: 53/55 MP: 7/7
  2990 | D:5      | Found a glowing drain.
  2997 | Sewer    | Entered a sewer
  3057 | Sewer    | Noticed Purgy
  3066 | Sewer    | Killed Purgy
  3066 | Sewer    | Reached skill level 5 in Fighting
  3350 | D:5      | Reached skill level 7 in Axes
  3410 | D:5      | Found a white marble altar of Elyvilon.
  4132 | D:5      | Gained mutation: You have claws for feet. [demonic ancestry]
  4132 | D:5      | Reached XP level 8. HP: 58/62 MP: 8/8
  4163 | Temple   | Entered the Ecumenical Temple
  4556 | D:6      | Reached skill level 8 in Axes
  4764 | D:6      | Noticed Edmund
  4832 | D:6      | Killed Edmund
  4918 | D:6      | Noticed Eustachio
  4968 | D:6      | Killed Eustachio
  4968 | D:6      | Reached skill level 9 in Axes
  5318 | D:6      | Got a bound garnet amulet
  5320 | D:6      | Identified the amulet "Poucu" {+Rage rPois Int+4} (You found it on level 6 of the Dungeon)
  5453 | D:7      | HP: 3/65 [poisoned by an orc warrior]
  5453 | D:7      | Killed from afar by an orc priest

Vault maps used:
D:1:      minmay_arrival_up_and_down, cheibriados_altar_1
D:3:      first_bread, minmay_ruptured
D:4:      gammafunk_temple_overflow_claw, minmay_temple_entry_from_below_b,
          uniq_robin
D:5:      corexii_shantytown, elyvilon_altar_5, gup_sewer_entry_bowl
D:6:      uniq_edmund, uniq_eustachio
D:7:      lightli_temple_of_fire, old_standard_altar, minmay_misc_feat_five,
          st_stairs_9
Temple:   corrupted_temple
Sewer:    kennysheep_door_sewer

Action                   |  1- 3 |  4- 6 |  7- 9 || total
-------------------------+-------+-------+-------++-------
Melee: War axe           |   142 |   155 |   187 ||   484
Evoke: Wand              |       |       |     1 ||     1
  Use: Scroll            |       |     5 |     1 ||     6
       Potion            |       |       |     1 ||     1
  Eat: Chunk             |     1 |     5 |     5 ||    11
       Meat ration       |       |       |     1 ||     1
       Fruit             |       |       |     1 ||     1
